EVO
VANDERBILT UNIVERSITY COMMODORES @ RICE UNIVERSITY OWLS
07/14/2044
 
TOP OF THE 1ST
Vanderbilt University Commodores batting - Pitching for Rice University Owls : LHP Elias Pena
Pitching: LHP Elias Pena
Batting: RHB Chris Maul 0-0: Called Strike
0-1: Bunt for hit to 2R - play at first, batter OUT! 2-3
Batting: LHB Karel Hort 0-0: Called Strike
0-1: Ground out U3 (Groundball, 3L, EV 105.0 MPH)
Batting: RHB Jonathan Mendoza 0-0: Called Strike
0-1: Ground out 6-3 (Groundball, 6, EV 100.6 MPH)
Top of the 1st over - 0 runs, 0 hits, 0 errors, 0 left on base; Vanderbilt University 0 - Rice University 0
BOTTOM OF THE 1ST
Rice University Owls batting - Pitching for Vanderbilt University Commodores : RHP Jurdão Maceneiro
Pitching: RHP Jurdão Maceneiro
Batting: RHB Tony Casas 0-0: Ball
1-0: Ball
2-0: Called Strike
2-1: Ball
3-1: Base on Balls
Batting: RHB Akichika Yamano 0-0: Ball
1-0: Ball
2-0: Fly out, F9 (Flyball, 89S, EV 95.0 MPH)
Batting: RHB Dave Crouch 0-0: Ball
1-0: Grounds into double play, 5-4-3 (Groundball, 56S, EV 78.8 MPH)
Bottom of the 1st over - 0 runs, 0 hits, 0 errors, 0 left on base; Vanderbilt University 0 - Rice University 0
TOP OF THE 2ND
Vanderbilt University Commodores batting - Pitching for Rice University Owls : LHP Elias Pena
Batting: RHB Ben Politi 0-0: Ball
1-0: Ground out 3-1 (Groundball, 34, EV 86.9 MPH)
Batting: RHB Jeremy Harden 0-0: Called Strike
0-1: Foul Ball, location: 2F
0-2: Ball
1-2: Foul Ball, location: 2F
1-2: Foul Ball, location: 2F
1-2: Ball
2-2: Foul Ball, location: 2F
2-2: Ball
3-2: Foul Ball, location: 2F
3-2: Foul Ball, location: 2F
3-2: SINGLE (Groundball, 6MS, EV 65.6 MPH) (infield hit)
Batting: LHB Alberto Carrillo 0-0: Ball
1-0: Called Strike
1-1: SINGLE (Groundball, 3D, EV 106.9 MPH)
Jeremy Harden to second
Jeremy Harden to third
Batting: RHB Michael Powell 0-0: Called Strike
0-1: Fly out, F9 (Flyball, 9, EV 90.0 MPH)
Runner from 3rd tags up, SCORES, throw by RF
Batting: RHB Alex Cardenas 0-0: Ball
1-0: Foul Ball, location: 2F
1-1: Foul Ball, location: 2F
1-2: SINGLE (Flyball, 89M, EV 85.0 MPH)
Alberto Carrillo to second
Runner from 2nd tries for 3rd, SAFE, no throw by RF
Batting: RHB D.J. Cooke 0-0: SINGLE (Flyball, 8LS, EV 91.3 MPH)
Alberto Carrillo scores
Alex Cardenas to second
Batting: RHB Chris Maul 0-0: Called Strike
0-1: Foul Ball, location: 2F
0-2: Reached on error, E5 (Groundball, 56S, EV 89.4 MPH)
Alex Cardenas to third
D.J. Cooke to second
Batting: LHB Karel Hort 0-0: Fly out, F8 (Flyball, 8RM, EV 83.1 MPH)
Top of the 2nd over - 2 runs, 4 hits, 1 error, 3 left on base; Vanderbilt University 2 - Rice University 0
BOTTOM OF THE 2ND
Rice University Owls batting - Pitching for Vanderbilt University Commodores : RHP Jurdão Maceneiro
Batting: RHB Jonas Fernandez 0-0: Fly out, F3 (Flyball, 3D, EV 76.9 MPH)
Batting: SHB Justin Towry 0-0: Ground out 1-3 (Groundball, 34S, EV 76.9 MPH)
Batting: RHB Logan Johnson 0-0: Foul Ball, location: 2F
0-1: Ball
1-1: Foul Ball, location: 2F
1-2: Fly out, F8 (Flyball, 8LD, EV 85.6 MPH)
Bottom of the 2nd over - 0 runs, 0 hits, 0 errors, 0 left on base; Vanderbilt University 2 - Rice University 0
TOP OF THE 3RD
Vanderbilt University Commodores batting - Pitching for Rice University Owls : LHP Elias Pena
Batting: RHB Jonathan Mendoza 0-0: Ball
1-0: SINGLE (Groundball, 5D, EV 94.4 MPH)
Batting: RHB Ben Politi 0-0: Ball
1-0: Ball
2-0: SINGLE (Flyball, 9, EV 87.5 MPH)
Jonathan Mendoza to second
Batting: RHB Jeremy Harden 0-0: Grounds into double play, 4-6-3 (Groundball, 4, EV 87.5 MPH)
Jonathan Mendoza to third
Batting: LHB Alberto Carrillo 0-0: Foul Ball, location: 2F
0-1: Foul Ball, location: 2F
0-2: Ball
1-2: Ball
2-2: Foul Ball, location: 2F
2-2: Fly out, F6 (Popup, 6MS, EV 61.3 MPH)
Top of the 3rd over - 0 runs, 2 hits, 0 errors, 1 left on base; Vanderbilt University 2 - Rice University 0
BOTTOM OF THE 3RD
Rice University Owls batting - Pitching for Vanderbilt University Commodores : RHP Jurdão Maceneiro
Batting: RHB Steve Goodall 0-0: Called Strike
0-1: Fly out, F7 (Flyball, 7LS, EV 85.0 MPH)
Batting: RHB Roberto Aispuro 0-0: Called Strike
0-1: Ball
1-1: Foul Ball, location: 2F
1-2: Fly out, F9 (Line Drive, 9, EV 85.6 MPH)
Batting: LHB Dominique Lecoq 0-0: Ball
1-0: DOUBLE (Line Drive, 7LS, EV 108.1 MPH)
Batting: RHB Tony Casas 0-0: Called Strike
0-1: Fly out, F4 (Line Drive, 4, EV 69.4 MPH)
Bottom of the 3rd over - 0 runs, 1 hit, 0 errors, 1 left on base; Vanderbilt University 2 - Rice University 0
TOP OF THE 4TH
Vanderbilt University Commodores batting - Pitching for Rice University Owls : LHP Elias Pena
Batting: RHB Michael Powell 0-0: Ball
1-0: Ball
2-0: Called Strike
2-1: Foul Ball, location: 2F
2-2: Ball
3-2: DOUBLE (Flyball, 89XD, EV 97.5 MPH)
Batting: RHB Alex Cardenas 0-0: Called Strike
0-1: Ball
1-1: Ball
2-1: Ball
3-1: SINGLE (Groundball, 6S, EV 71.3 MPH) (infield hit)
Michael Powell to third
Batting: RHB D.J. Cooke 0-0: Ball
1-0: DOUBLE (Line Drive, 9D, EV 101.9 MPH)
Michael Powell scores
Alex Cardenas to third
Batting: RHB Chris Maul 0-0: Ball
1-0: Called Strike
1-1: Called Strike
1-2: Ground out 5-3 (Groundball, 56S, EV 80.6 MPH)
Alex Cardenas scores
Batting: LHB Karel Hort 0-0: Called Strike
0-1: Called Strike
0-2: Ball
1-2: Ball
2-2: Ground out 4-3 (Groundball, 4, EV 86.9 MPH)
D.J. Cooke to third
Batting: RHB Jonathan Mendoza 0-0: Called Strike
0-1: Ball
1-1: Swinging Strike
1-2: Strikes out swinging
Top of the 4th over - 2 runs, 3 hits, 0 errors, 1 left on base; Vanderbilt University 4 - Rice University 0
BOTTOM OF THE 4TH
Rice University Owls batting - Pitching for Vanderbilt University Commodores : RHP Jurdão Maceneiro
Batting: RHB Akichika Yamano 0-0: Ball
1-0: Ball
2-0: Ball
3-0: Called Strike
3-1: Foul Ball, location: 2F
3-2: Foul Ball, location: 2F
3-2: Fly out, F6 (Flyball, 6D, EV 86.9 MPH)
Batting: RHB Dave Crouch 0-0: Ball
1-0: Ball
2-0: Called Strike
2-1: Ground out 4-3 (Groundball, 4S, EV 86.3 MPH)
Batting: RHB Jonas Fernandez 0-0: Called Strike
0-1: DOUBLE (Flyball, 8LXD, EV 106.3 MPH)
Batting: SHB Justin Towry 0-0: Ball
1-0: Called Strike
1-1: Swinging Strike
1-2: SINGLE (Groundball, 4, EV 99.4 MPH)
Jonas Fernandez to third
Runner from 3rd tries for Home, SAFE, throw by CF to home
Batting: RHB Logan Johnson 0-0: Ball
1-0: Fielders Choice at 2nd, 6-4 (Groundball, 6, EV 83.1 MPH)
Bottom of the 4th over - 1 run, 2 hits, 0 errors, 1 left on base; Vanderbilt University 4 - Rice University 1
TOP OF THE 5TH
Vanderbilt University Commodores batting - Pitching for Rice University Owls : LHP Elias Pena
Pitching: RHP Zachariah Cresswell
Batting: RHB Ben Politi 0-0: Called Strike
0-1: SINGLE (Line Drive, 7LS, EV 93.8 MPH)
Batting: RHB Jeremy Harden 0-0: Ball
1-0: Foul Ball, location: 2F
1-1: Ball
2-1: Fly out, F7 (Flyball, 7D, EV 96.3 MPH)
Batting: LHB Alberto Carrillo 0-0: Ball
Ben Politi steals 2nd base (no throw)
1-0: Ball
2-0: Foul Ball, location: 2F
2-1: Fly out, F7 (Flyball, 78S, EV 88.8 MPH)
Batting: RHB Michael Powell 0-0: Ball
1-0: Ball
2-0: SINGLE (Groundball, 6D, EV 101.9 MPH)
Ben Politi to third
Runner from 3rd tries for Home, SAFE, throw by CF to home
Batting: RHB Alex Cardenas 0-0: Ball
1-0: Called Strike
1-1: Swinging Strike
1-2: SINGLE (Groundball, 5S, EV 65.6 MPH) (infield hit)
Michael Powell to second
Batting: RHB D.J. Cooke 0-0: Called Strike
0-1: Ball
1-1: Foul Ball, location: 2F
1-2: Foul Ball, location: 2F
1-2: Strikes out swinging
Top of the 5th over - 1 run, 3 hits, 0 errors, 2 left on base; Vanderbilt University 5 - Rice University 1
BOTTOM OF THE 5TH
Rice University Owls batting - Pitching for Vanderbilt University Commodores : RHP Jurdão Maceneiro
Pitching: RHP Rogelio Burrola
Batting: RHB Steve Goodall 0-0: Swinging Strike
0-1: Called Strike
0-2: Ball
1-2: Ball
2-2: Strikes out swinging
Batting: RHB Roberto Aispuro 0-0: SINGLE (Groundball, 4D, EV 99.4 MPH)
Batting: LHB Dominique Lecoq 0-0: Called Strike
0-1: Ball
1-1: Foul Ball, location: 2F
1-2: Foul Ball, location: 2F
1-2: Ball
2-2: Foul Ball, location: 2F
2-2: Ball
3-2: Strikes out swinging
Roberto Aispuro steals 2nd base
Batter strikes out.
Batting: RHB Tony Casas 0-0: Ball
1-0: Ball
2-0: Called Strike
2-1: Called Strike
2-2: Strikes out swinging
Bottom of the 5th over - 0 runs, 1 hit, 0 errors, 1 left on base; Vanderbilt University 5 - Rice University 1
TOP OF THE 6TH
Vanderbilt University Commodores batting - Pitching for Rice University Owls : RHP Zachariah Cresswell
Pinch Hitting: LHB Jeremy Robertson 0-0: DOUBLE (Line Drive, 78D, EV 107.5 MPH)
Pinch Hitting: RHB Joel Gomez 0-0: Ball
1-0: Fly out, F8 (Flyball, 89M, EV 93.1 MPH)
Batting: LHB Jose Rodriguez 0-0: Ground out 4-3 (Groundball, 4, EV 80.0 MPH)
Jeremy Robertson to third
Batting: RHB Ben Politi 0-0: Ball
1-0: Ball
2-0: Called Strike
2-1: Foul Ball, location: 2F
2-2: Strikes out swinging
Top of the 6th over - 0 runs, 1 hit, 0 errors, 1 left on base; Vanderbilt University 5 - Rice University 1
BOTTOM OF THE 6TH
Rice University Owls batting - Pitching for Vanderbilt University Commodores : RHP Rogelio Burrola
Now at 1B: Sam Spohn
Now at 2B: Jeremy Robertson
Batting: RHB Akichika Yamano 0-0: Ball
1-0: Called Strike
1-1: Ground out 5-3 (Groundball, 5, EV 86.3 MPH)
Batting: RHB Dave Crouch 0-0: Called Strike
0-1: Called Strike
0-2: Strikes out looking
Batting: RHB Jonas Fernandez 0-0: Called Strike
0-1: Foul Ball, location: 2F
0-2: Strikes out swinging
Bottom of the 6th over - 0 runs, 0 hits, 0 errors, 0 left on base; Vanderbilt University 5 - Rice University 1
TOP OF THE 7TH
Vanderbilt University Commodores batting - Pitching for Rice University Owls : RHP Zachariah Cresswell
Pitching: RHP Josh Lott
Pinch Hitting: RHB Gustavo Diaz 0-0: Called Strike
0-1: Foul Ball, location: 2F
0-2: Strikes out swinging
Pinch Hitting: RHB Jose Esparza 0-0: Called Strike
0-1: Ball
1-1: Foul Ball, location: 2F
1-2: Strikes out looking
Batting: RHB Michael Powell 0-0: Ball
1-0: Called Strike
1-1: SINGLE (Groundball, 56, EV 106.3 MPH)
Batting: RHB Alex Cardenas 0-0: Swinging Strike
0-1: Foul Ball, location: 2F
0-2: Strikes out swinging
Top of the 7th over - 0 runs, 1 hit, 0 errors, 1 left on base; Vanderbilt University 5 - Rice University 1
BOTTOM OF THE 7TH
Rice University Owls batting - Pitching for Vanderbilt University Commodores : RHP Rogelio Burrola
Pitching: RHP Frank Medrano
Now in LF: Ben Politi
Now in CF: Chris Bohm
Now in RF: Paul Jaques
Batting: SHB Justin Towry 0-0: Called Strike
0-1: Ground out 6-3 (Groundball, 6S, EV 85.6 MPH)
Batting: RHB Logan Johnson 0-0: Ball
1-0: SINGLE (Line Drive, 78S, EV 104.4 MPH)
Batting: RHB Steve Goodall 0-0: Fly out, F5 (Line Drive, 5, EV 69.4 MPH)
Batting: RHB Roberto Aispuro 0-0: Ground out 4-3 (Groundball, 4, EV 80.6 MPH)
Bottom of the 7th over - 0 runs, 1 hit, 0 errors, 1 left on base; Vanderbilt University 5 - Rice University 1
TOP OF THE 8TH
Vanderbilt University Commodores batting - Pitching for Rice University Owls : RHP Josh Lott
Batting: RHB D.J. Cooke 0-0: Called Strike
0-1: Ball
1-1: Called Strike
1-2: Ball
2-2: Strikes out swinging
Batting: LHB Jeremy Robertson 0-0: Called Strike
0-1: Swinging Strike
0-2: Ball
1-2: Ground out 6-3 (Groundball, 6, EV 84.4 MPH)
Batting: RHB Sam Spohn 0-0: Called Strike
0-1: Called Strike
0-2: Ball
1-2: Fly out, F7 (Flyball, 78D, EV 96.3 MPH)
Top of the 8th over - 0 runs, 0 hits, 0 errors, 0 left on base; Vanderbilt University 5 - Rice University 1
BOTTOM OF THE 8TH
Rice University Owls batting - Pitching for Vanderbilt University Commodores : RHP Frank Medrano
Batting: LHB Dominique Lecoq 0-0: Ball
1-0: Ball
2-0: Called Strike
2-1: Swinging Strike
2-2: Foul Ball, location: 2F
2-2: Foul Ball, location: 2F
2-2: Foul Ball, location: 2F
2-2: Strikes out looking
Pinch Hitting: RHB Toshikatsu Omori 0-0: Ball
1-0: Foul Ball, location: 2F
1-1: Ground out 6-3 (Groundball, 6, EV 108.1 MPH)
Pinch Hitting: LHB Mason Duffy 0-0: Called Strike
0-1: Ball
1-1: Ball
2-1: Ball
3-1: Fly out, F5 (Popup, 5F, EV 72.5 MPH)
Bottom of the 8th over - 0 runs, 0 hits, 0 errors, 0 left on base; Vanderbilt University 5 - Rice University 1
TOP OF THE 9TH
Vanderbilt University Commodores batting - Pitching for Rice University Owls : RHP Josh Lott
Pitching: RHP Luis Castruita
Now at 1B: Toshikatsu Omori
Now at 3B: Steve Goodall
Now at SS: Dominique Lecoq
Now in RF: Mason Duffy
Batting: LHB Jose Rodriguez 0-0: Ball
1-0: Foul Ball, location: 2F
1-1: SINGLE (Flyball, 9LS, EV 93.8 MPH)
Batting: RHB Ben Politi Pickoff Throw to First - Out! 1-3
0-0: Called Strike
0-1: Ball
1-1: Ball
2-1: DOUBLE (Line Drive, 8RXD, EV 111.9 MPH)
Batting: RHB Chris Bohm 0-0: Foul Ball, location: 2F
0-1: Ball
1-1: Called Strike
1-2: Foul Ball, location: 2F
1-2: Strikes out swinging
Batting: SHB Paul Jaques 0-0: Foul Ball, location: 2F
0-1: SINGLE (Line Drive, 78S, EV 102.5 MPH)
Ben Politi to third
Pinch Hitting: SHB Jake Hayes 0-0: Foul Ball, location: 2F
0-1: Ball
1-1: Foul Ball, location: 2F
1-2: Ball
2-2: Foul Ball, location: 2F
2-2: Ball
3-2: Ground out 6-3 (Groundball, 6M, EV 93.1 MPH)
Top of the 9th over - 0 runs, 3 hits, 0 errors, 2 left on base; Vanderbilt University 5 - Rice University 1
BOTTOM OF THE 9TH
Rice University Owls batting - Pitching for Vanderbilt University Commodores : RHP Frank Medrano
Now at C: Mario Lopez
Pinch Hitting: RHB Troy Trice 0-0: Ball
1-0: Ball
2-0: Foul Ball, location: 2F
2-1: Foul Ball, location: 2F
2-2: Strikes out swinging
Batting: LHB Jeff Palmowski 0-0: Foul Ball, location: 2F
0-1: Fly out, F7 (Flyball, 7D, EV 106.9 MPH)
Batting: SHB Justin Towry 0-0: Ball
1-0: Fly out, F8 (Flyball, 8RS, EV 91.9 MPH)
Bottom of the 9th over - 0 runs, 0 hits, 0 errors, 0 left on base; Vanderbilt University 5 - Rice University 1
Thursday, March 31st , 2022 - OOTP Baseball 22.12 Build 89